 Dungeon Crawl Stone Soup version 0.28-a0-1339-ga5422284a4 (webtiles) character file.

Game seed: 5779064333420334867

25 chakani the Poker (level 3, -2/28 HPs)
             Began as a Merfolk Gladiator on Dec 28, 2021.
             Slain by an orc (5 damage)
             ... on level 2 of the Dungeon.
             The game lasted 00:00:55 (852 turns).

chakani the Poker (Merfolk Gladiator)                Turns: 852, Time: 00:00:56

Health: -2/28      AC:  4    Str: 14    XL:     3   Next: 6%
Magic:  3/3        EV: 13    Int:  9    God:
Gold:   49         SH:  0    Dex: 15    Spells: 2/2 levels left

rFire   . . .      SeeInvis .   a - +0 trident
rCold   . . .      Faith    .   (no shield)
rNeg    . . .      Spirit   .   b - +0 leather armour
rPois   .          Reflect  .   c - +0 helmet
rElec   .          Harm     .   (no cloak)
rCorr   .          Rampage  .   (no gloves)
Will    .....                   (no boots)
Stlth   +.........              (no amulet)
HPRegen 0.09/turn               (no ring)
MPRegen 0.08/turn               (no ring)

@: invisible
A: (nimble swimmer 2), mertail
a: no special abilities


You were on level 2 of the Dungeon.
You visited 1 branch of the dungeon, and saw 2 of its levels.

You collected 49 gold pieces.

Inventory:

Hand Weapons
 a - a +0 trident (weapon)
Missiles
 d - 3 throwing nets (quivered)
Armour
 b - a +0 leather armour (worn)
 c - a +0 helmet (worn)
Scrolls
 e - a scroll of blinking {unknown}
 g - a scroll of fear {unknown}
 h - 2 scrolls of teleportation {unknown}
 j - a scroll of acquirement {unknown}
Potions
 i - a potion of invisibility


   Skills:
 - Level 2.4 Fighting
 + Level 5.5 Polearms
 - Level 2.1 Throwing
 - Level 4.2 Dodging


You had 2 spell levels left.
You didn't know any spells.
Your spell library was empty.

Dungeon Overview and Level Annotations

Branches:
Dungeon (2/15)

Altars:


Innate Abilities, Weirdness & Mutations

((You are very nimble when in or above water. (Stealth+, EV+, Speed+++)))
Your lower body shifts to a powerful aquatic tail in water.


Message History

You have reached level 3!
Your experience leads to an increase in your attributes!
Increase (S)trength, (I)ntelligence, or (D)exterity?
You feel clever. x2
The adder bites you. The adder bites you.
You are poisoned.
The adder poisons you!
You feel sick.
You feel sick.
You feel sick.
You feel sick. The adder bites you but does no damage.
You feel sick.
You miss the adder.
You feel sick.
You barely miss the adder.
You feel sick.
You are no longer poisoned.
The adder barely misses you. The adder bites you. The ball python bites you.
The ball python grabs you. The ball python constricts you.
You closely miss the ball python.
An orc opens the door.
The adder bites you. The ball python completely misses you.
The ball python constricts you.
You puncture the ball python!
You kill the ball python!
The adder bites you.
You hit the orc but do no damage. The adder barely misses you.
The orc misses you.
You barely miss the orc. The adder bites you but does no damage.
The orc hits you with a +0 short sword. The adder bites you.
* * * LOW HITPOINT WARNING * * *
You hit the orc but do no damage. The adder bites you.
* * * LOW HITPOINT WARNING * * *
The orc hits you with a +0 short sword.
* * * LOW HITPOINT WARNING * * *
It was a potion of magic.
Magic courses through your body. The adder barely misses you.
The orc hits you with a +0 short sword.
* * * LOW HITPOINT WARNING * * *
It was a potion of invisibility.
You fade into invisibility!
The adder barely misses you. The orc closely misses you.
The adder barely misses you. The orc hits you with a +0 hand axe.
You die...

######## #......#
##################......#
................So......+
###########.....@ooo....#
# #.#########...# #
#.#.......#...# #
#.#.......#.###
#.#..#'#..#o.#
#.#..#_#..'..#
#.#..###..#..#
#.#.......#..#
#.......#..#


You could see an orc priest, an orc wizard, an adder and 2 orcs.

Vanquished Creatures
  An orc (D:2)
  4 ball pythons
  4 endoplasms
  A goblin (D:1)
  3 hobgoblins
  2 bats (D:1)
  A frilled lizard (D:1)
  4 kobolds (D:1)
  3 rats (D:1)
23 creatures vanquished.

Notes
Turn   | Place    | Note
-------+----------+-------------------------------------------
     0 | D:1      | chakani the Merfolk Gladiator began the quest for the Orb.
     0 | D:1      | Reached XP level 1. HP: 16/16 MP: 1/1
   298 | D:1      | Reached XP level 2. HP: 23/23 MP: 2/2
   469 | D:1      | Reached skill level 5 in Polearms
   807 | D:2      | Found a faded altar of an unknown god.
   827 | D:2      | Reached XP level 3. HP: 28/28 MP: 3/3
   852 | D:2      | Slain by an orc

Illustrated notes

Levels and vault maps discovered:
D:1:      sevenhm_arrival_forest_fort_small_4, layout_basic
D:2:      layout_basic, hellmonk_ecumenical_altar_inner_sanctum

Skill      XL: |  1  2 |
---------------+-------+-----
Polearms       | 5 |  5.5
Fighting       | |  2.4
Throwing       | |  2.1
Dodging        | |  4.2

Action                   || total
-------------------------++-------
Melee: Trident           ||    58
  Use: Potion            ||     2
Armor: Leather armour    ||    15
Dodge: Dodged            ||    31

Table legend: (Time is in decaauts)
 A = Elapsed time spent in this place.
 B = Non-inter-level travel time spent in this place.
 C = Inter-level travel time spent in this place.
 D = Time resting spent in this place.
 E = Time spent auto-exploring this place.
 F = Levels seen in this place.
 G = Mean time per level.
                   A        B        C        D        E       F      G
               +--------+--------+--------+--------+--------+-----+--------+
         Total |    849 |    817 |     32 |    167 |    506 |   2 |  424.5 |
       Dungeon |    849 |    817 |     32 |    167 |    506 |   2 |  424.5 |
               +--------+--------+--------+--------+--------+-----+--------+

Top non-repeatable levels by time:
     D:1: 755 daAuts
     D:2: 94 daAuts
